 Dungeon Crawl Stone Soup version 0.23.2-1-ga50397a (webtiles) character file.

Game seed: 14762543609940904737

100478 Kairos the Brawler (level 15, -8/101 HPs)
             Began as a Demonspawn Transmuter on Apr 24, 2019.
             Was a High Priest of Okawaru.
             Killed from afar by an Ice Fiend (12 damage)
             ... with a bolt of cold
             ... in an ice cave.
             The game lasted 01:51:53 (30143 turns).

Kairos the Brawler (Demonspawn Transmuter)         Turns: 30143, Time: 01:51:53

Health: -8/101     AC: 20    Str: 21    XL:     15   Next: 80%
Magic:  0/39       EV: 21    Int: 23    God:    Okawaru [*****.]
Gold:   1112       SH:  7    Dex: 21    Spells: 16/36 levels left

rFire    + . .     SeeInvis .     - Unarmed
rCold    + + .     Gourm    .   X - +0 buckler
rNeg     . . .     Faith    .   x - +4 ring mail {rPois}
rPois    +         Spirit   +   y - +0 helmet of Untold Secrets {*Corrode +Blink Str+4 Dex+3}
rElec    .         Reflect  .   t - scarf {repulsion}
rCorr    .         Harm     .   C - +1 pair of gloves "Iqewkud" {Regen+ Int+4}
MR       +....                  (no boots)
Stlth    +++.......             (no amulet)
HPRegen  0.66/turn              N - ring of Yluyl {rC+ MP+9 Int+4 Dex+5}
MPRegen  0.52/turn              Z - ring of protection from cold

@: confusing touch, heroism, very slightly contaminated, studying Summonings,
repel missiles
A: hooves 2, molten scales 3, spiny 2, magic shield, magic regeneration,
MP-powered wands
a: Heroism, Finesse, Renounce Religion, Evoke Blink


You were in an ice cave.
You worshipped Okawaru.
Okawaru was extremely pleased with you.
You were not hungry.

You visited 4 branches of the dungeon, and saw 24 of its levels.
You also visited: Trove, Ossuary, Ice Cave and Volcano.

You collected 1686 gold pieces.
You spent 574 gold pieces at shops.

Inventory:

Hand Weapons
 F - the +7 fustibalus of Extinguishment {venom, rF+ Str+6 SInv}
   (Okawaru gifted it to you on level 13 of the Dungeon)

   It poisons the ammo it fires.
   It affects your strength (+6).
   It protects you from fire.
   It lets you see invisible.
 V - a +6 demon trident of electrocution
Missiles
 a - 596 arrows
 H - 118 sling bullets
 T - 8 javelins of penetration (quivered)
Armour
 t - a scarf of repulsion (worn)
 x - a +4 ring mail of poison resistance (worn)
 y - the +0 helmet of Untold Secrets (worn) {*Corrode +Blink Str+4 Dex+3}
   (You found it on level 5 of the Dungeon)

   It affects your strength (+4).
   It affects your dexterity (+3).
   It lets you blink.
   It may corrode you when you take damage.
 C - the +1 pair of gloves "Iqewkud" (worn) {Regen+ Int+4}
   (You acquired it on level 6 of the Lair of Beasts)

   It affects your intelligence (+4).
   It increases your rate of regeneration.
 U - a +4 scale mail of fire resistance
 X - a +0 buckler (worn)
Jewellery
 c - an uncursed ring of resist corrosion
 p - an uncursed ring of flight
 A - a +5 ring of intelligence
 M - an uncursed ring of protection from fire
 N - the ring of Yluyl (left hand) {rC+ MP+9 Int+4 Dex+5}
   (You found it on level 3 of the Lair of Beasts)

   [ring of magical power]

   It affects your intelligence (+4).
   It affects your dexterity (+5).
   It protects you from cold.
   It affects your magic capacity (+9).
 Z - a ring of protection from cold (right hand)
Wands
 f - a wand of iceblast (4)
 m - a wand of flame (42)
 n - a wand of enslavement (7)
 w - a wand of random effects (13)
 J - a wand of paralysis (10)
 L - a wand of acid (23)
 Q - a wand of polymorph (19)
Scrolls
 d - 4 scrolls of silence
 o - 8 scrolls of teleportation
 q - 2 scrolls of vulnerability
 u - 4 scrolls of holy word
 B - 3 scrolls of blinking
 D - a scroll of magic mapping
 G - 7 scrolls of remove curse
 I - 5 scrolls of fear
 O - 3 scrolls of immolation
 P - 2 scrolls of fog
 S - a scroll of amnesia
Potions
 b - 4 potions of agility
 e - a potion of haste
 h - 2 potions of cancellation
 i - 9 potions of curing
 j - 3 potions of berserk rage
 k - a potion of mutation
 l - a potion of resistance
 r - 8 potions of brilliance
 v - 2 potions of invisibility
 z - 3 potions of lignification
 E - 2 potions of heal wounds
 K - 3 potions of flight
 R - a potion of might
 Y - 2 potions of ambrosia {unknown}
Books
 s - a manual of Summonings
Comestibles
 g - 29 rations


   Skills:
 + Level 4.4(9.4) Fighting
 + Level 1.3(6.3) Polearms
 + Level 2.5(8.1) Slings
 + Level 2.7(8.2) Throwing
 + Level 8.1(13.1) Armour
 + Level 7.3(12.3) Dodging
 - Level 2.3(7.3) Stealth
 - Level 5.2(10.2) Shields
 + Level 15.7(20.7) Unarmed Combat
 * Level 11.1 Spellcasting
 - Level 2.9 Hexes
 + Level 6.6 Summonings
 + Level 8.7 Transmutations
 - Level 9.0 Invocations
 + Level 2.7 Evocations


You had 16 spell levels left.
You knew the following spells:

 Your Spells              Type           Power        Failure   Level  Hunger
a - Beastly Appendage     Tmut           ######       1%          1    None
b - Sticks to Snakes      Tmut           ######..     1%          2    None
c - Blade Hands           Tmut           ######....   5%          5    ####...
d - Confusing Touch       Hex            ####..       2%          1    None
e - Summon Guardian Gole  Hex/Summ       ####....     3%          3    None
f - Summon Ice Beast      Ice/Summ       ####....     19%         4    None
g - Petrify               Tmut/Erth      ####....     12%         4    None

Your spell library contained the following spells:

 Spells                   Type           Power        Failure   Level  Hunger
 Summon Small Mammal      Summ           ####         1%          1    None
 Call Imp                 Summ           #####...     1%          2    None
 Passwall                 Tmut/Erth      ####....     1%          2    None
 Call Canine Familiar     Summ           #####...     1%          3    None
 Spider Form              Tmut/Pois      ####......   3%          3    None
 Confuse                  Hex            ####....     6%          3    None
 Ignite Poison            Fire/Tmut/Pois ####....     6%          3    None
 Flame Tongue             Conj/Fire      ##...        7%          1    None
 Swiftness                Chrm/Air       ##......     11%         2    None
 Throw Flame              Conj/Fire      ##....       11%         2    None
 Inner Flame              Hex/Fire       ###.....     12%         3    None
 Ice Form                 Ice/Tmut       ####....     12%         4    None
 Summon Lightning Spire   Summ/Air       ####....     19%         4    None
 Yara's Violent Unravell  Hex/Tmut       #####.....   19%         5    ####...
 Conjure Flame            Conj/Fire      ##......     22%         3    None
 Gell's Gravitas          Tloc           ##........   22%         3    None
 Cause Fear               Hex            ####......   22%         4    None
 Leda's Liquefaction      Hex/Erth       ###.......   36%         4    None
 Passage of Golubria      Tloc           N/A          56%         4    None
 Sticky Flame             Conj/Fire      ##......     56%         4    None
 Metabolic Englaciation   Hex/Ice        ###.......   73%         5    ####...
 Silence                  Hex/Air        ###.......   73%         5    ####...
 Statue Form              Tmut/Erth      ####.....    88%         6    #####..
 Bolt of Magma            Conj/Fire/Erth ##........   89%         5    ####...
 Fireball                 Conj/Fire      ##........   89%         5    ####...
 Lee's Rapid Deconstruct  Erth           ##........   89%         5    ####...
 Darkness                 Hex            ####......   97%         6    #####..
 Invisibility             Hex            ####....     97%         6    #####..
 Bolt of Fire             Conj/Fire      ##........   100%        6    #####..
 Conjure Ball Lightning   Conj/Air       ##........   100%        6    #####..
 Deflect Missiles         Chrm/Air       ##........   100%        6    #####..
 Iron Shot                Conj/Erth      ##........   100%        6    #####..
 Ring of Flames           Chrm/Fire      ##........   100%        7    #######
 Discord                  Hex            ####......   100%        8    #######
 Ignition                 Fire           ##........   100%        8    #######
 Shatter                  Erth           ##........   100%        9    #######
 Tornado                  Air            ##........   100%        9    #######


Dungeon Overview and Level Annotations

Branches:
Dungeon (14/15)            Temple (1/1) D:6            Lair (6/6) D:11
 Shoals (0/4) Lair:4        Snake (3/4) Lair:2        Slime (0/5) Lair:6
    Orc (0/2) D:12         Vaults (0/5) D:14

Altars:
Ashenzari
Cheibriados
Dithmenos
Elyvilon
Fedhas
Gozag
Hepliaklqana
Kikubaaqudgha
Makhleb
Nemelex Xobeh
Okawaru
Qazlal
Ru
Trog
Uskayaw
Vehumet
Wu Jian
Xom
Yredelemnul
Zin
The Shining One
Jiyva

Shops:
D:5 :   D:7 !   D:8 *([[   D:13 *   Snake:3 =

Portals:
Hell: Lair:6

Annotations:
D:12 1 runed translucent door, totalnoob's ghost, journeyman GnCj
D:14 Rupert
Lair:6 1 runed translucent door
Snake:3 Kirke


Innate Abilities, Weirdness & Mutations

You have hoof-like feet.
You are completely covered in molten scales. (AC +4, rF+)
You are mostly covered in sharp spines.
When hurt, damage is shared between your health and your magic reserves.
You regenerate magic rapidly.
You expend magic power (3 MP) to strengthen your wands.


Message History

Unknown command.
You feel much better. The anaconda simulacrum bites you!
The anaconda simulacrum freezes you. You resist.
The Ice Fiend calls on the powers of darkness!
Your body is wracked with pain!
* * * LOW HITPOINT WARNING * * *
The anaconda simulacrum bites you.
* * * LOW HITPOINT WARNING * * *
The anaconda simulacrum freezes you! You resist.
* * * LOW HITPOINT WARNING * * *
You hit the Ice Fiend but do no damage.
You kick the Ice Fiend, but do no damage.
The Ice Fiend is heavily wounded.
The anaconda simulacrum bites you.
* * * LOW HITPOINT WARNING * * *
The anaconda simulacrum freezes you! You resist.
* * * LOW HITPOINT WARNING * * *
The Ice Fiend gestures at you. The bolt of cold hits you! You resist.
You die...

### #Z## ##!##
####ZZ.#
#.#.##
#.#4.1.#$|
##.#.##
##Z#Z.....#
####.# ##.#..#
#..# #.##.##
##..##
##.#####
#....##
##Z#..##
##.....#
#@1#...#
#...#..##
#.8.##.##
##..###..#
#.⌠###..#
#..##
##.####..###.#
#.## #..#
#####..# #.##
#..## ##..##
##.# ##..#
#...# ##.#
##.# #...#
#..# #..#
##..##


You could see an Ice Fiend, an anaconda simulacrum and a friendly guardian
golem.

Vanquished Creatures
  Vashnia (Snake:2)
  Aizul (Snake:1)
  Louise (Snake:2)
  Snorg (Lair:4)
  Erolcha (D:9)
  3 hydras
  4 naga warriors
  A catoblepas (Lair:3)
  A centaur warrior (D:14)
  An ogre mage (D:13)
  7 anacondas
  9 two-headed ogres
  A shock serpent (Snake:2)
  Urug (D:14)
  3 naga sharpshooters (Snake:2)
  A sixfirhy (Lair:6)
  3 unseen horrors
  3 salamander mystics
  A fire crab (Volcano)
  An unseen horror (shapeshifter) (D:13)
  4 naga ritualists
  A lindwurm (Volcano)
  A wizard (Lair:6)
  A manticore (D:13)
  5 mana vipers (Snake:2)
  A deep elf mage (D:12)
  6 ugly things
  9 salamanders
  2 cyclopes
  24 black mambas
  An ice statue (IceCv)
  2 elephants (Lair:4)
  6 naga magi
  3 orange demons (Lair:6)
  8 spiny frogs
  9 komodo dragons
  5 rime drakes
  3 freezing wraiths (IceCv)
  5 ice devils (IceCv)
  An efreet (D:13)
  3 anaconda simulacra (IceCv)
  A golden dragon simulacrum (IceCv)
  A red devil (Lair:6)
  A troll (D:11)
  6 slime creatures
  3 polar bears
  A queen bee (D:8)
  9 hippogriffs
  A wolf spider simulacrum (IceCv)
  7 dream sheep (Lair:6)
  8 blink frogs
  A snapping turtle (Lair:4)
  A shadow (D:13)
  Sigmund (D:6)
  37 yaks
  2 dire elephant simulacra (IceCv)
  A wraith (D:12)
  2 wyverns
  6 basilisks
  3 fire bats (Lair:2)
  3 hungry ghosts
  3 humans (D:14)
  4 vampire mosquitoes (D:9)
  2 steam dragons
  3 harpy simulacra (IceCv)
  An acid dragon (D:13)
  A death yak simulacrum (IceCv)
  20 nagas
  3 hydra simulacra (IceCv)
  2 iron troll simulacra (IceCv)
  10 hell hounds
  17 water moccasins
  2 black bears
  12 porcupines
  10 orc warriors
  4 ice beasts
  2 eyes of draining
  5 sky beasts
  A phantom (D:12)
  4 wolves (Lair:2)
  6 ogres
  9 centaurs
  7 crocodiles
  2 big kobolds
  15 bullfrogs
  A gnoll sergeant (D:8)
  3 scorpions
  2 troll zombies (D:12)
  19 killer bees
  7 wights
  3 electric eels
  2 howler monkeys
  3 crimson imps
  3 draconian simulacra (IceCv)
  5 centaur zombies
  2 quasits
  5 jellies
  Crazy Yiuf (D:5)
  5 bullfrog skeletons
  8 orc priests
  4 hounds
  2 centaur skeletons
  9 worker ants
  3 iguanas
  18 orc wizards
  2 spriggan simulacra (IceCv)
  5 troll simulacra (IceCv)
  2 big kobold zombies (Ossuary)
  4 ogre zombies (D:12)
  2 centaur simulacra (IceCv)
  A hound zombie (D:7)
  2 hound skeletons
  4 mummies (Ossuary)
  6 gnolls
  A naga simulacrum (IceCv)
  An ogre simulacrum (IceCv)
  8 adders
  6 shadow imps
  9 white imps (IceCv)
  3 ufetubi (IceCv)
  An adder zombie (D:5)
  An adder skeleton (D:8)
  2 worms
  3 dart slugs
  7 leopard geckos
  61 orcs
  2 ball pythons
  5 bats
  8 giant cockroaches
  2 goblins (D:1)
  5 hobgoblins
  14 jackals
  5 quokkas
  A ball python zombie (D:5)
  9 frilled lizards
  2 goblin skeletons (D:12)
  A goblin zombie (D:12)
  6 hobgoblin zombies
  18 kobolds
  A leopard gecko skeleton (D:6)
  4 orc skeletons (D:12)
  10 orc zombies (D:12)
  2 quokka skeletons
  12 rats
728 creatures vanquished.

Vanquished Creatures (collateral kills)
  A naga sharpshooter (Snake:2)
  A salamander (Snake:1)
  A black mamba (Snake:1)
  An ice devil (IceCv)
  A hellwing (Lair:6)
  2 yaks (Lair:5)
  3 nagas (Snake:2)
  A howler monkey (D:9)
11 creatures vanquished.

Vanquished Creatures (others)
  4 elephants (Lair:4)
  An orange demon (Lair:6)
  A crocodile (Lair:5)
  2 fungi
  9 plants
17 creatures vanquished.

Grand Total: 756 creatures vanquished

Notes
Turn   | Place    | Note
-------+----------+-------------------------------------------
     0 | D:1      | Kairos the Demonspawn Transmuter began the quest for the
                  | Orb.
     0 | D:1      | Reached XP level 1. HP: 15/15 MP: 3/3
   580 | D:1      | Gained mutation: You have large cloven feet. [demonic
                  | ancestry]
   580 | D:1      | Reached XP level 2. HP: 16/21 MP: 5/5
   601 | D:1      | Reached skill level 3 in Unarmed Combat
   939 | D:1      | Gained mutation: You have hoof-like feet. [demonic
                  | ancestry]
   939 | D:1      | Reached XP level 3. HP: 4/26 MP: 4/6
  1893 | D:2      | Reached skill level 4 in Unarmed Combat
  1893 | D:2      | Reached XP level 4. HP: 20/32 MP: 7/7
  3643 | D:4      | Gained mutation: You are partially covered in molten
                  | scales. (AC +2) [demonic ancestry]
  3643 | D:4      | Reached XP level 5. HP: 17/37 MP: 8/8
  3960 | D:4      | Found an opulent altar of Gozag.
  3961 | D:4      | Noticed an ogre
  3990 | D:4      | Reached skill level 1 in Shields
  4324 | D:4      | Killed an ogre
  4324 | D:4      | Reached skill level 1 in Armour
  4324 | D:4      | Reached skill level 5 in Unarmed Combat
  4324 | D:4      | Gained mutation: You are mostly covered in molten scales.
                  | (AC +3) [demonic ancestry]
  4324 | D:4      | Reached XP level 6. HP: 43/43 MP: 9/9
  4727 | D:5      | Entered Level 5 of the Dungeon
  4789 | D:5      | Found a glowing golden altar of the Shining One.
  4817 | D:5      | Got a polished helmet
  4838 | D:5      | Identified the +0 helmet of Untold Secrets {*Corrode +Blink
                  | Str+4 Dex+3} (You found it on level 5 of the Dungeon)
  4963 | D:5      | Gained mutation: You are partially covered in sharp spines.
                  | [demonic ancestry]
  4963 | D:5      | Reached XP level 7. HP: 48/48 MP: 10/10
  4965 | D:5      | Reached skill level 6 in Unarmed Combat
  5184 | D:5      | Found a runed translucent door.
  5189 | D:5      | Noticed Crazy Yiuf
  5202 | D:5      | Killed Crazy Yiuf
  5616 | D:5      | Found Ylozuj's Book Emporium.
  5757 | D:6      | Reached skill level 7 in Unarmed Combat
  6030 | D:6      | Found a hide-covered altar of Uskayaw.
  6108 | D:6      | Found a staircase to the Ecumenical Temple.
  6281 | D:6      | Noticed Sigmund
  6296 | D:6      | Killed Sigmund
  6296 | D:6      | Gained mutation: You are mostly covered in sharp spines.
                  | [demonic ancestry]
  6296 | D:6      | Reached XP level 8. HP: 26/54 MP: 11/11
  6367 | Temple   | Entered the Ecumenical Temple
  6475 | Temple   | Became a worshipper of Warmaster Okawaru
  6677 | D:7      | Found a sand-covered staircase.
  6681 | D:7      | Reached skill level 8 in Unarmed Combat
  6757 | Ossuary  | Entered an ossuary
  7396 | D:7      | Reached * piety under Okawaru
  7396 | D:7      | Reached skill level 9 in Unarmed Combat
  7431 | D:7      | Reached XP level 9. HP: 33/60 MP: 12/12
  7696 | D:7      | Found Zathom's Distillery.
  7705 | D:7      | Bought a potion of degeneration for 11 gold pieces
  8127 | D:7      | Found a sacrificial altar of Ru.
  8832 | D:8      | Found Sige's Antique Armour Emporium.
  8913 | D:8      | Reached skill level 10 in Unarmed Combat
  8929 | D:8      | Noticed a queen bee
  8938 | D:8      | Found Fyecsudd's General Store.
  8960 | D:8      | Killed a queen bee
  8983 | D:8      | Reached ** piety under Okawaru
  8993 | D:8      | Reached skill level 1 in Invocations
  9427 | D:8      | Found Inoze's Antique Weapon Boutique.
  9739 | D:8      | Reached skill level 5 in Shields
 10068 | D:8      | Found Apeu's Antique Armour Shop.
 10076 | D:8      | Bought a runed scale mail for 231 gold pieces
 10094 | D:8      | Reached XP level 10. HP: 67/67 MP: 13/13
 10292 | D:9      | Noticed Erolcha
 10302 | D:9      | Learned a level 2 spell: Sticks to Snakes
 10318 | D:9      | Killed Erolcha
 10318 | D:9      | Reached *** piety under Okawaru
 10318 | D:9      | Reached skill level 11 in Unarmed Combat
 10385 | D:9      | Noticed a two-headed ogre
 10401 | D:9      | Killed a two-headed ogre
 10401 | D:9      | Reached **** piety under Okawaru
 10840 | D:9      | Reached ***** piety under Okawaru
 11356 | D:10     | Entered Level 10 of the Dungeon
 11451 | D:10     | Gained mutation: You are completely covered in molten
                  | scales. (AC +4, rF+) [demonic ancestry]
 11451 | D:10     | Reached XP level 11. HP: 69/73 MP: 17/17
 11577 | D:10     | Found a portal to a secret trove of treasure.
 11617 | Trove    | Entered a treasure trove
 12032 | D:10     | Reached skill level 12 in Unarmed Combat
 12474 | D:10     | Reached skill level 1 in Evocations
 12562 | D:11     | Found a staircase to the Lair.
 12603 | D:11     | Reached skill level 1 in Throwing
 13075 | D:11     | Noticed a two-headed ogre
 13080 | D:11     | Killed a two-headed ogre
 13080 | D:11     | Reached skill level 5 in Spellcasting
 13761 | D:12     | Reached skill level 5 in Armour
 13804 | D:12     | Found a staircase to the Orcish Mines.
 14269 | D:12     | Reached skill level 5 in Transmutations
 14276 | D:12     | Noticed a deep elf mage
 14279 | D:12     | Reached skill level 5 in Dodging
 14280 | D:12     | Killed a deep elf mage
 14287 | D:12     | Learned a level 5 spell: Blade Hands
 14560 | D:12     | Noticed a brown ugly thing
 14579 | D:12     | Killed a brown ugly thing
 14590 | D:12     | Killed an unseen horror
 15082 | D:12     | Found a runed translucent door.
 15083 | D:12     | Identified the cursed +3 trident of Dismemberment {vamp,
                  | Str+3}
 15083 | D:12     | Noticed a spriggan rider
 15086 | D:12     | Noticed totalnoob's ghost (journeyman GnCj)
 15851 | D:12     | Reached XP level 12. HP: 43/80 MP: 20/20
 16039 | D:12     | Learned a level 1 spell: Confusing Touch
 16295 | D:13     | Reached skill level 1 in Hexes
 16375 | D:13     | Noticed a two-headed ogre
 16398 | D:13     | HP: 4/80 [acid (10)]
 16775 | D:13     | Noticed a two-headed ogre
 16786 | D:13     | Killed a two-headed ogre
 16792 | D:12     | Reached skill level 1 in Stealth
 16792 | D:12     | Reached skill level 13 in Unarmed Combat
 17264 | D:13     | Found Zusar's Pet Rocks.
 17268 | D:13     | Noticed an ogre mage
 17268 | D:13     | Noticed a two-headed ogre
 17268 | D:13     | Noticed a two-headed ogre
 17268 | D:13     | Noticed a two-headed ogre
 17268 | D:13     | Noticed a two-headed ogre
 17313 | D:13     | Killed a two-headed ogre
 17319 | D:13     | Killed a two-headed ogre
 17319 | D:13     | Received a gift from Okawaru
 17333 | D:13     | Killed an ogre mage
 17340 | D:13     | Killed a two-headed ogre
 17346 | D:13     | Killed a two-headed ogre
 17352 | D:13     | Got a transparent fustibalus {god gift}
 17353 | D:13     | Identified the +7 fustibalus of Extinguishment {venom, rF+
                  | Str+6 SInv} (Okawaru gifted it to you on level 13 of the
                  | Dungeon)
 17971 | D:13     | Reached skill level 1 in Summonings
 18188 | D:13     | HP: 4/81 [cyclops (22)]
 18615 | D:14     | Found a gate to the Vaults.
 18615 | D:14     | Noticed Rupert
 18615 | D:14     | Noticed a centaur warrior
 18615 | D:14     | Noticed Urug
 18625 | D:13     | Killed a two-headed ogre
 18872 | D:14     | Received a gift from Okawaru
 18899 | D:14     | Reached skill level 1 in Slings
 18899 | D:14     | Gained mutation: When hurt, damage is shared between your
                  | health and your magic reserves. [demonic ancestry]
 18899 | D:14     | Reached XP level 13. HP: 78/86 MP: 18/23
 18998 | D:14     | Killed Urug
 19466 | D:13     | Learned a level 3 spell: Summon Guardian Golem
 19540 | Lair:1   | Entered Level 1 of the Lair of Beasts
 20001 | Lair:1   | Found a hazy altar of Hepliaklqana.
 20497 | Lair:2   | Found a dark tunnel.
 20515 | Volcano  | Entered a volcano
 20798 | Lair:2   | Received a gift from Okawaru
 20811 | Lair:2   | Reached skill level 14 in Unarmed Combat
 21068 | Lair:2   | Found a staircase to the Snake Pit.
 21734 | Lair:3   | Got a transparent brass ring
 21736 | Lair:3   | Identified the ring of Yluyl {rC+ MP+9 Int+4 Dex+5} (You
                  | found it on level 3 of the Lair of Beasts)
 21979 | Lair:3   | Reached skill level 5 in Invocations
 23077 | Lair:4   | Reached skill level 1 in Polearms
 23078 | Lair:4   | Gained mutation: You regenerate magic rapidly. [demonic
                  | ancestry]
 23078 | Lair:4   | Reached XP level 14. HP: 62/94 MP: 20/26
 23290 | Lair:4   | Noticed Snorg
 23304 | Lair:4   | Killed Snorg
 23304 | Lair:4   | Received a gift from Okawaru
 23633 | Lair:4   | Found a staircase to the Shoals.
 23896 | Lair:5   | Reached skill level 5 in Summonings
 24370 | Lair:5   | Gained mutation: You are weak. (Str -2) [potion of
                  | mutation]
 24370 | Lair:5   | Gained mutation: You expend magic power (3 MP) to
                  | strengthen your wands. [potion of mutation]
 24370 | Lair:5   | Lost mutation: You are weak. (Str -2) [potion of mutation]
 24372 | Lair:6   | Entered Level 6 of the Lair of Beasts
 24641 | Lair:6   | Found a runed translucent door.
 24641 | Lair:6   | Found a viscous altar of Jiyva.
 24641 | Lair:6   | Noticed an azure jelly
 24641 | Lair:6   | Noticed an azure jelly
 24642 | Lair:6   | Found a staircase to the Slime Pits.
 24642 | Lair:6   | Noticed an azure jelly
 24877 | Lair:6   | Identified 2 scrolls of acquirement
 24902 | Lair:6   | Got a pair of polished gloves
 24908 | Lair:6   | Identified the +1 pair of gloves "Iqewkud" {Regen+ Int+4}
                  | (You acquired it on level 6 of the Lair of Beasts)
 25378 | Lair:6   | Found a burning altar of Makhleb.
 25532 | Lair:6   | Received a gift from Okawaru
 25608 | Lair:6   | Found a gateway to Hell.
 26143 | Snake:1  | Entered Level 1 of the Snake Pit
 26545 | Snake:1  | Noticed Aizul
 26571 | Snake:1  | Reached skill level 15 in Unarmed Combat
 26577 | Snake:1  | Killed Aizul
 26836 | Snake:1  | You fall through a shaft!
 26894 | Snake:2  | Received a gift from Okawaru
 26907 | Snake:2  | Reached XP level 15. HP: 65/100 MP: 28/28
 26917 | Snake:2  | HP: 2/100 [shock serpent/electric aura (16)]
 26926 | Snake:2  | HP: 3/100 [salamander/arrow (2)]
 27285 | Snake:2  | Reached skill level 10 in Spellcasting
 27550 | Snake:2  | Found a shattered altar of Ashenzari.
 27644 | Snake:2  | Noticed Louise
 27678 | Snake:2  | Killed Louise
 27678 | Snake:2  | Received a gift from Okawaru
 28057 | Snake:2  | Noticed Vashnia
 28260 | Snake:2  | Killed Vashnia
 28260 | Snake:2  | Received a gift from Okawaru
 28260 | Snake:2  | Received a gift from Okawaru
 28262 | Snake:2  | Got a blackened hat {god gift}
 28297 | Snake:2  | Identified the +2 hat "Gelanop" {-Tele Int+5} (Okawaru
                  | gifted it to you on level 2 of the Snake Pit)
 28518 | Snake:2  | Learned a level 4 spell: Summon Ice Beast
 28523 | Snake:2  | Learned a level 4 spell: Petrify
 28642 | Snake:3  | Noticed Saint Roka
 28685 | Snake:3  | Found Ypneduh's Jewellery Boutique.
 28691 | Snake:3  | Bought an uncursed ring of flight for 332 gold pieces
 28920 | Snake:3  | Found a frozen archway.
 28920 | Snake:3  | Noticed Kirke
 28930 | IceCv    | Entered an ice cave
 29881 | IceCv    | Noticed an Ice Fiend
 29915 | IceCv    | HP: 2/101 [Ice Fiend/bolt of cold (9)]
 30143 | IceCv    | HP: 4/101 [anaconda simulacrum (8)]
 30143 | IceCv    | Killed from afar by an Ice Fiend

Skill      XL: |  1  2  3  4  5  6  7  8  9 10 11 12 13 14 15 |
---------------+----------------------------------------------+-----
Dodging        | 2 3 4 5 6 7 |  7.3
Unarmed Combat | 3 4 5 7 9 10 11 12 13 14 15 | 15.7
Transmutations | 2 4 5 6 7 8 |  8.7
Shields        | 2 3 5 |  5.2
Armour         | 1 2 3 4 5 6 7 8 |  8.1
Invocations    | 1 5 8 9 |  9.0
Fighting       | 2 3 4 |  4.4
Spellcasting   | 4 5 6 8 9 11 | 11.1
Evocations     | 1 2 |  2.7
Throwing       | 1 2 |  2.7
Hexes          | 2 |  2.9
Stealth        | 2 |  2.3
Summonings     | 2 4 5 6 |  6.6
Slings         | 1 2 |  2.5
Polearms       | 1 |  1.3

Action                   |  1- 3 |  4- 6 |  7- 9 | 10-12 | 13-15 || total
-------------------------+-------+-------+-------+-------+-------++-------
Melee: Unarmed           |   139 |   240 |   393 |   678 |  1168 ||  2618
       Headbutt          |     5 |       |       |       |       ||     5
       Punch             |     2 |       |       |       |    12 ||    14
       Kick              |    16 |    59 |   129 |   251 |   568 ||  1023
       Demon trident     |       |       |       |       |    36 ||    36
 Fire: Fustibalus        |       |       |       |     4 |    19 ||    23
Throw: Tomahawk          |       |       |     3 |    25 |       ||    28
       Javelin           |       |       |       |       |    20 ||    20
       Stone             |       |       |       |       |     5 ||     5
 Cast: Beastly Appendage |     6 |       |       |       |       ||     6
       Sticks to Snakes  |       |       |       |     7 |    23 ||    30
       Confusing Touch   |       |       |       |    21 |    81 ||   102
       Summon Guardian G |       |       |       |       |    53 ||    53
       Blade Hands       |       |       |       |       |    12 ||    12
Invok: Heroism           |       |       |     5 |     8 |    40 ||    53
       Finesse           |       |       |       |       |     1 ||     1
 Abil: Evoke Blink       |       |       |       |       |     4 ||     4
       End Transformatio |       |       |       |       |     1 ||     1
Evoke: Wand              |       |     4 |       |    21 |    13 ||    38
  Use: Scroll            |     4 |     5 |     5 |     4 |    22 ||    40
       Potion            |       |     3 |       |       |     6 ||     9
 Stab: Confused          |       |       |       |     7 |    56 ||    63
       Sleeping          |       |       |       |       |     6 ||     6
       Distracted        |       |       |       |       |     1 ||     1
  Eat: Chunk             |     3 |    10 |    13 |    15 |    17 ||    58
       Ration            |       |       |     2 |     4 |     7 ||    13
Armor: Robe              |    38 |     7 |       |       |       ||    45
       Ring mail         |       |    81 |    89 |       |   259 ||   429
       Scale mail        |       |       |     8 |   211 |   143 ||   362
Dodge: Dodged            |    78 |    43 |    84 |   258 |   618 ||  1081
       Deflected         |       |       |       |       |    39 ||    39
Block: Large shield      |    30 |   118 |   241 |     7 |       ||   396
       Buckler           |       |       |       |   130 |   256 ||   386
